 Dungeon Crawl Stone Soup version 0.30.1-11-g7821555f0a (webtiles) character file.

Game seed: 9858906618887003699

707 lonewolfV2 the Shield-Bearer (level 7, -2/57 HPs)
             Began as a Minotaur Fighter on Nov 1, 2023.
             Slain by a lemure (6 damage)
             ... led by Pikel
             ... on level 4 of the Dungeon.
             The game lasted 00:06:14 (4306 turns).

lonewolfV2 the Shield-Bearer (Minotaur Fighter)     Turns: 4306, Time: 00:06:15

Health: -2/57      AC: 10    Str: 21    XL:     7   Next: 39%
Magic:  6/6        EV: 11    Int:  5    God:
Gold:   295        SH:  5    Dex: 11    Spells: 6/6 levels left

rFire   . . .        z - +2 flail (holy)
rCold   . . .        c - +0 buckler
rNeg    . . .        b - +0 scale mail
rPois   .            (helmet restricted)
rElec   .            i - +0 cloak
rCorr   .            n - +0 pair of gloves
SInv    .            (no boots)
Will    .....        h - amulet of faith Stlth
                     (no ring)
HPRegen 0.29/turn    (no ring)
MPRegen 0.10/turn

%: faith
@: no status effects
A: horns 2, retaliatory headbutt
a: no special abilities


You were on level 4 of the Dungeon.
You visited 1 branch of the dungeon, and saw 4 of its levels.
You also visited: Sewer.

You collected 295 gold pieces.

Inventory:

Hand Weapons
 a - a +0 war axe
 z - a +2 flail of holy wrath (weapon)
Armour
 b - a +0 scale mail (worn)
 c - a +0 buckler (worn)
 i - a +0 cloak (worn)
 n - a +0 pair of gloves (worn)
Jewellery
 h - an amulet of faith (around neck)
 l - a ring of ice
 o - a ring of fire
Wands
 k - a wand of flame (36)
 v - a wand of quicksilver (7)
Scrolls
 s - 2 scrolls of blinking
 t - a scroll of identify
 w - a scroll of silence
 y - a scroll of teleportation {unknown}
Potions
 d - 3 potions of might
 e - a potion of lignification
 f - 2 potions of degeneration {unknown}
 g - 5 potions of curing
 j - 2 potions of magic {unknown}
 m - 2 potions of haste {unknown}
 p - a potion of mutation {unknown}
 q - a potion of cancellation {unknown}
 r - 3 potions of invisibility {unknown}
 u - a potion of ambrosia {unknown}
 x - a potion of heal wounds {unknown}


   Skills:
 - Level 3.6 Fighting
 - Level 2.4 Axes
 + Level 6.0 Armour
 * Level 6.1 Dodging
 + Level 6.1 Shields


You had 6 spell levels left.
You didn't know any spells.
Your spell library contained the following spells:

 Spells                   Type           Power      Damage    Failure   Level
 Poisonous Vapours        Pois/Air       0%         N/A       94%         2
 Static Discharge         Conj/Air       0%         2-2/arc   94%         2
 Mephitic Cloud           Conj/Pois/Air  0%         N/A       99%         3
 Tukima's Dance           Hex            0%         N/A       99%         3
 Airstrike                Air            0%         2d(0-16)  100%        4
 Passage of Golubria      Tloc           0%         N/A       100%        4
 Summon Lightning Spire   Summ/Air       0%         N/A       100%        4
 Freezing Cloud           Conj/Ice/Air   0%         6-21      100%        5
 Yara's Violent Unravell  Hex/Tmut       0%         3d3       100%        5


Dungeon Overview and Level Annotations

Branches:
Dungeon (4/15)              Sewer (visited)
 Temple: D:4-7

Altars:

Annotations:
D:4 Pikel


Innate Abilities, Weirdness & Mutations

You have a pair of horns on your head.
You reflexively headbutt those who attack you in melee.


Message History

The lemure hits you but does no damage. The lemure hits you.
The lemure attacks as you move away! The lemure hits you but does no damage.
The lemure attacks as you move away! The lemure closely misses you.
You furiously retaliate!
You headbutt the lemure. The lemure hits you.
The lemure attacks as you move away! The lemure hits you but does no damage.
The lemure attacks as you move away! The lemure hits you!
* * * LOW HITPOINT WARNING * * *
You closely miss the lemure. The lemure hits you but does no damage.
You closely miss the lemure.
The lemure hits you but does no damage. x2
You hit the lemure.
The lemure convulses.
The lemure is lightly wounded.
The lemure hits you but does no damage.
You closely miss the lemure. You headbutt the lemure!
The lemure is moderately wounded.
The lemure hits you.
* * * LOW HITPOINT WARNING * * *
The lemure hits you.
* * * LOW HITPOINT WARNING * * *
You closely miss the lemure.
The lemure is moderately wounded.
The lemure barely misses you.
You barely miss the lemure. You headbutt the lemure.
The lemure is moderately wounded.
The lemure barely misses you. You furiously retaliate!
You headbutt the lemure! You sock the lemure!
You kill the lemure!
That felt strangely unrewarding.
The lemure hits you.
* * * LOW HITPOINT WARNING * * *
You hit the lemure.
The lemure convulses.
You kill the lemure!
That felt strangely unrewarding.
You hit the lemure.
The lemure convulses.
The lemure is moderately wounded.
The lemure hits you!
* * * LOW HITPOINT WARNING * * *
You sock the lemure!
The lemure convulses!
Your headbutt misses the lemure.
The lemure is severely wounded.
Pikel, Merchant of Souls comes into view.
He is wielding a +2 whip of freezing.
The lemure hits you.
You die...

####### #########.[...#
K......@5.....#
################....#
#....#~.....#..#....#
#....#~........#PP..# #
#.[######.###).#.P..# #.
#.........#[##.###..#### ## #.
##...........#...#..#..##.#
#..#[...............#.........
#..#######..#########.........


You could see Pikel (wandering) and a lemure.

Vanquished Creatures
  Sigmund (D:4)
  Edmund (D:4)
  3 lemures (D:4)
  A phantom (D:4)
  A kobold brigand (Sewer)
  Crazy Yiuf (D:2)
  An iguana (D:4)
  6 adders
  6 river rats (Sewer)
  A worm (D:3)
  3 dart slugs
  2 orcs (D:3)
  12 ball pythons
  4 bats
  10 endoplasms
  8 giant cockroaches
  5 goblins
  5 hobgoblins
  4 jackals (D:4)
  20 kobolds
  5 quokkas
  2 frilled lizards
  22 rats
124 creatures vanquished.

Notes
Turn   | Place    | Note
-------+----------+-------------------------------------------
     0 | D:1      | lonewolfV2 the Minotaur Fighter began the quest for the
                  | Orb.
     0 | D:1      | Reached XP level 1. HP: 19/19 MP: 0/0
   150 | D:1      | Reached skill level 1 in Dodging
   267 | D:1      | Reached XP level 2. HP: 21/26 MP: 1/1
   793 | D:2      | Reached XP level 3. HP: 23/31 MP: 2/2
  1373 | D:2      | Found a runed translucent door.
  1374 | D:2      | Noticed Crazy Yiuf
  1384 | D:2      | Killed Crazy Yiuf
  1385 | D:2      | Reached XP level 4. HP: 5/39 MP: 3/3
  3012 | D:4      | Found a glowing drain.
  3030 | Sewer    | Entered a sewer
  3069 | Sewer    | Reached XP level 5. HP: 43/45 MP: 4/4
  3389 | Sewer    | Reached skill level 5 in Armour
  3389 | Sewer    | Reached skill level 5 in Shields
  3389 | Sewer    | Reached XP level 6. HP: 36/51 MP: 5/5
  3908 | D:4      | Reached skill level 5 in Dodging
  3996 | D:4      | Noticed Sigmund
  4008 | D:4      | Killed Sigmund
  4009 | D:4      | Reached XP level 7. HP: 57/57 MP: 6/6
  4023 | D:4      | Noticed Edmund
  4046 | D:4      | Killed Edmund
  4306 | D:4      | Noticed Pikel
  4306 | D:4      | Slain by a lemure

Illustrated notes

Levels and vault maps discovered:
D:1:      evilmike_arrival_crescent, layout_basic, minmay_gold_behind_fungi
D:2:      layout_loops_ring, uniq_crazy_yiuf_cottage
D:3:      layout_basic
D:4:      layout_gridville, lemuel_coloured_pillars_altar, gup_sewer_entry_pipe,
          enter_ossuary_3, minivault_14, nrook_mini_backslash,
          sigmund_edmund_badplayer, uniq_pikel

Skill      XL: |  1  2  3  4  5  6  7 |
---------------+----------------------+-----
Dodging        | 1 2 3 4 5 6 |  6.1
Armour         | 4 5 6 |  6.0
Shields        | 4 5 6 |  6.1
Fighting       | |  3.6
Axes           | |  2.4

Action                     |  1- 3 |  4- 6 |  7- 9 || total
---------------------------+-------+-------+-------++-------
  Melee: War axe           |    83 |   152 |    22 ||   257
         Headbutt          |    11 |    21 |     7 ||    39
         Flail             |       |       |    18 ||    18
    Use: Scroll            |     2 |     5 |       ||     7
         Potion            |       |     1 |       ||     1
 Armour: Scale mail        |    35 |    66 |    19 ||   120
  Dodge: Dodged            |    34 |   121 |    20 ||   175
  Block: Buckler           |    16 |    56 |    14 ||    86
